AoeStats
← 奶奶

Black Forest

510266754Analyzed
4v4 RM · 1d ago on Sep 30, 2026· 40m 45s· 8 players
Game mode
Random Map
Map size
Large (8 player)
Population
200
Speed
Normal
Resources
Standard
Victory
Conquest
Starting age
Dark Age
Ending age
Imperial Age
RankedLock teamsTeams togetherTeam positionsShared explorationLock speedFull tech treeHidden civsTurbo modeCheats
Victory
Defeat
🇷🇴 Ethiopians · Romania
1133
+9
🇨🇴 Japanese · Colombia
1071
+11
🇦🇺 Mongols · Australia
968
+15
🇫🇷 Vietnamese · France
880
+18
🇮🇩 Teutons · Indonesia
1084
-18
🇨🇳 Franks · China
962
-41
🇮🇩 Britons · Indonesia
911
-12
🇮🇳 Turks · India
835
-9
mAjiCode
0:31 Loom
11:03 Feudal Age
13:24 Fletching
30:06 Castle Age
奶奶
10:23 Feudal Age
23:12 Castle Age
ExxTACSY
0:38 Loom
13:59 Feudal Age
18:56 Castle Age
18:01 Double-Bit Axe
18:09 Horse Collar
20:28 Wheelbarrow
21:28 Gold Mining
21:59 Bow Saw
26:53 Imperial Age
27:17 Forging
26:58 Fletching
27:10 Padded Archer Armor
28:53 Gold Shaft Mining
30:50 Leather Archer Armor
35:51 Heavy Plow
36:29 Iron Casting
35:54 Scale Mail Armor
Picnic
11:15 Feudal Age
12:28 Double-Bit Axe
15:10 Gold Mining
17:18 Stone Mining
22:33 Castle Age
20:30 Fletching
23:19 Crossbowman
27:44 Wheelbarrow
34:28 Hand Cart
Actiweed1
0:34 Loom
14:07 Feudal Age
14:36 Fishing Lines
15:34 Wheelbarrow
14:51 Double-Bit Axe
25:01 Castle Age
23:49 Gold Mining
23:50 Stone Mining
23:48 Horse Collar
26:14 Hand Cart
26:21 Bow Saw
26:14 Gillnets
29:38 Imperial Age
27:21 Padded Archer Armor
27:41 Town Watch
30:24 Ballistics
30:14 Masonry
30:22 Heavy Plow
30:51 Fortified Wall
32:05 Two-Man Saw
31:27 Elite Skirmisher
32:29 Thumb Ring
34:15 Chemistry
32:51 Imperial Skirmisher
34:15 Fletching
35:34 Stone Shaft Mining
36:11 Leather Archer Armor
36:03 Bodkin Arrow
35:52 Treadmill Crane
37:36 Ring Archer Armor
37:52 Bracer
39:31 Paper Money
39:06 Heated Shot
40:21 Elite Rattan Archer
rubendariod01
6:44 Loom
9:07 Feudal Age
10:13 Double-Bit Axe
11:00 Horse Collar
15:19 Gold Mining
18:01 Castle Age
16:41 Fletching
16:51 Padded Archer Armor
24:28 Scale Mail Armor
28:21 Forging
34:13 Chain Mail Armor
34:33 Iron Casting
34:05 Heavy Plow
39:01 Bow Saw
42:00 Wheelbarrow
PapaHewy
0:28 Loom
14:29 Feudal Age
18:48 Castle Age
17:47 Gold Mining
26:57 Double-Bit Axe
31:26 Horse Collar
35:05 Bloodlines
34:56 Husbandry
35:36 Bow Saw
38:27 Fletching
41:19 Imperial Age
40:00 Bodkin Arrow
40:51 Gold Shaft Mining
40:07 Stone Mining
41:17 Padded Archer Armor
AestivalCloud79
0:50 Loom
12:13 Feudal Age
17:07 Castle Age
16:08 Double-Bit Axe
16:10 Horse Collar
17:11 Gold Mining
17:22 Stone Mining
20:07 Wheelbarrow
24:26 Bow Saw
25:40 Heavy Plow
27:53 Scale Barding Armor
27:58 Forging
30:57 Imperial Age
28:43 Hand Cart
30:03 Iron Casting
29:49 Chain Barding Armor
30:22 Husbandry
31:05 Cavalier
32:58 Chemistry
40:43 Gold Shaft Mining
Connection lost

Rejoining the realm…

Still unreachable

The connection could not be restored.

Session expired

The server has moved on; the page needs a fresh start.